 Dungeon Crawl Stone Soup version 0.29-a0-1009-g60c99734e7 (webtiles) character file.

Game seed: 16896790394185286215

78 leavemydog the Conjurer (level 4, -3/24 HPs)
             Began as a Deep Elf Conjurer on Aug 8, 2022.
             Slain by an orc priest
             ... wielding a +0 trident
              (7 damage)
             ... on level 3 of the Dungeon.
             The game lasted 00:03:28 (2145 turns).

leavemydog the Conjurer (Deep Elf Conjurer)         Turns: 2145, Time: 00:03:29

Health: -3/24      AC:  2    Str:  4    XL:     4   Next: 15%
Magic:  5/11       EV: 12    Int: 25    God:
Gold:   68         SH:  0    Dex: 13    Spells: 3/10 levels left

rFire   . . .      SeeInvis .   (no weapon)
rCold   . . .      Faith    .   (no shield)
rNeg    . . .      Spirit   .   a - +0 robe
rPois   .          Reflect  .   (no helmet)
rElec   .          Harm     .   (no cloak)
rCorr   .          Rampage  .   (no gloves)
Will    .....                   (no boots)
Stlth   ++........              (no amulet)
HPRegen 0.08/turn               (no ring)
MPRegen 0.12/turn               (no ring)

@: no status effects
A: no striking features
a: no special abilities


You were on level 3 of the Dungeon.
You visited 1 branch of the dungeon, and saw 3 of its levels.

You collected 68 gold pieces.

Inventory:

Armour
 a - a +0 robe (worn)
Scrolls
 c - a scroll of noise {unknown}
 d - a scroll of immolation {unknown}
 f - 3 scrolls of identify {unknown}
 h - a scroll of amnesia {unknown}
 j - a scroll of silence {unknown}
 k - a scroll of fear {unknown}
 n - a scroll of vulnerability {unknown}
Potions
 b - a potion of magic
 e - 2 potions of curing
 g - a potion of ambrosia {unknown}
 i - a potion of heal wounds {unknown}
 l - a potion of attraction {unknown}
 m - a potion of flight {unknown}


   Skills:
 - Level 2.4 Dodging
 - Level 2.4 Stealth
 + Level 3.6 Spellcasting
 + Level 6.0 Conjurations
 * Level 0.1 Translocations


You had 3 spell levels left.
You knew the following spells:

 Your Spells              Type           Power      Damage    Failure   Level
a - Magic Dart            Conj           100%       1d8       1%          1
b - Searing Ray           Conj           68%        2d6       1%          2
c - Iskenderun's Mystic   Conj/Tloc      19%        2d6       26%         4

Your spell library contained the following spells:

 Spells                   Type           Power      Damage    Failure   Level
 Conjure Flame            Conj/Fire      19%        6-21      9%          3
 Dazzling Flash           Conj/Hex       38%        N/A       9%          3
 Ignite Poison            Fire/Tmut/Pois 4%         N/A       28%         3
 Fulminant Prism          Conj/Hex       9%         3d7       26%         4
 Sticky Flame             Conj/Fire      19%        2d4       26%         4


Dungeon Overview and Level Annotations

Branches:
Dungeon (3/15)

Altars:
Zin


Message History

An orc wizard comes into view. It is wielding a +0 dagger.
The orc wizard casts a spell at you.
The magic dart hits something.
The magic dart hits something.
The orc priest shouts!
The orc wizard casts a spell at you.
The puff of flame hits something!
Reactivating autopickup.
You feel a bit more experienced.
The orc priest mumbles some strange prayers to Beogh against you.
Pain shoots through your body!
Your Conjurations skill increases to level 6!
The magic dart hits the orc priest.
The orc priest is moderately wounded.
Casting: Magic Dart (safe; 1% risk of failure)
Confirm with . or Enter, or press ? or * to list all spells.
Aiming: Searing Ray (safe; 1% risk of failure)
Press: ? - help, Shift-Dir - straight line, f - orc wizard, p - orc priest
Aim: an orc wizard, wielding a +0 dagger and wearing a +0 robe (76% to hit)
The searing ray misses the orc wizard. (Press . to maintain the ray.)
A frilled lizard comes into view.
The orc priest looks braver for a moment.
The searing ray misses the orc wizard.
The searing ray hits the orc!
You kill the orc!
The orc wizard points at you and mumbles some strange words.
You are confused.
You bump into the rock wall.
The orc wizard casts a spell.
The orc wizard flickers and vanishes!
Deactivating autopickup; reactivate with Ctrl-A.
The orc priest calls down the wrath of Beogh upon you.
Beogh smites you!
* * * LOW HITPOINT WARNING * * *
It was a potion of curing.
You feel better.
Okay, then.
You hit something. Something hits you.
* * * LOW HITPOINT WARNING * * *
The orc priest hits you from afar with a +0 trident!
You die...

## . #. #..
#..###########..#
#.......@.ol))..#
#.##..########.##
#.###.########
#..##.........
#..##.#####.##
#.....# #..8###
##..+ #.8###


You could see an orc priest and a frilled lizard.

Vanquished Creatures
  An adder (D:2)
  A worm (D:2)
  A dart slug (D:2)
  3 orcs (D:3)
  7 endoplasms
  4 giant cockroaches (D:2)
  4 goblins
  2 hobgoblins (D:1)
  5 jackals
  A kobold (D:2)
  A quokka (D:2)
  11 ball pythons
  4 bats
  3 frilled lizards
  5 rats
53 creatures vanquished.

Vanquished Creatures (others)
  An orc wizard (D:3)
1 creature vanquished.

Grand Total: 54 creatures vanquished

Notes
Turn   | Place    | Note
-------+----------+-------------------------------------------
     0 | D:1      | leavemydog the Deep Elf Conjurer began the quest for the
                  | Orb.
     0 | D:1      | Reached XP level 1. HP: 10/10 MP: 6/6
   142 | D:1      | Reached XP level 2. HP: 15/15 MP: 5/8
   145 | D:1      | Learned a level 2 spell: Searing Ray
   162 | D:1      | Reached skill level 5 in Conjurations
  1113 | D:2      | Reached XP level 3. HP: 19/19 MP: 6/9
  1888 | D:2      | Found a glowing silver altar of Zin.
  1983 | D:2      | Reached XP level 4. HP: 24/24 MP: 9/11
  2029 | D:2      | Learned a level 4 spell: Iskenderun's Mystic Blast
  2138 | D:3      | Reached skill level 6 in Conjurations
  2145 | D:3      | Slain by an orc priest

Illustrated notes

Levels and vault maps discovered:
D:1:      wander_arrival_abandoned_jail, layout_loops_cross, hex_medium
D:2:      layout_basic, basic_altar
D:3:      layout_loops_ring, led_sif_book,
          dreamdust_ecumenical_altar_angels_and_demons

Skill      XL: |  1  2  3  4 |
---------------+-------------+-----
Conjurations   | 5 6 |  6.0
Dodging        | |  2.4
Stealth        | |  2.4
Spellcasting   | |  3.6
Translocations | |  0.1

Action                   |  1- 3 |  4- 6 || total
-------------------------+-------+-------++-------
Melee: Unarmed           |     8 |     1 ||     9
 Cast: Magic Dart        |    84 |     9 ||    93
       Searing Ray       |       |     1 ||     1
  Use: Potion            |       |     1 ||     1
Dodge: Dodged            |     8 |     1 ||     9

Table legend: (Time is in decaauts)
 A = Elapsed time spent in this place.
 B = Non-inter-level travel time spent in this place.
 C = Inter-level travel time spent in this place.
 D = Time resting spent in this place.
 E = Time spent auto-exploring this place.
 F = Levels seen in this place.
 G = Mean time per level.
                   A        B        C        D        E       F      G
               +--------+--------+--------+--------+--------+-----+--------+
         Total |   2144 |   2089 |     55 |    355 |   1533 |   3 |  714.7 |
       Dungeon |   2144 |   2089 |     55 |    355 |   1533 |   3 |  714.7 |
               +--------+--------+--------+--------+--------+-----+--------+

Top non-repeatable levels by time:
     D:1: 1066 daAuts
     D:2: 999 daAuts
     D:3: 78 daAuts
